 Dungeon Crawl Stone Soup version 0.19.1 (webtiles) character file.

1278 Host24 the Nimble (level 8, -4/53 HPs)
             Began as a Kobold Hunter on Dec 30, 2016.
             Was a Believer of Okawaru.
             Slain by an ice beast (13 damage)
             ... on level 6 of the Dungeon.
             The game lasted 00:11:52 (6377 turns).

Host24 the Nimble (Kobold Hunter)                   Turns: 6377, Time: 00:11:54

Health: -4/53      AC:  9    Str: 10    XL:     8   Next: 84%
Magic:  8/8        EV: 20    Int: 12    God:    Okawaru [**....]
Gold:   204        SH:  0    Dex: 17    Spells: 0 memorised, 7 levels left

rFire  + . .     SeeInvis .     t - -2 short sword (curse)
rCold  . . .     Gourm    .     p - +2 leather armour {rF+}
rNeg   . . .     Faith    .     (shield restricted)
rPois  .         Spirit   .     (no helmet)
rElec  .         Reflect  .     (no cloak)
rCorr  .         Harm     .     J - +0 pair of gloves
MR     .....                    (no boots)
Stlth  ++........               (no amulet)
                                (no ring)
                                l - +3 ring of protection

@: no status effects
A: carnivore 3
a: Heroism, Renounce Religion


You were on level 6 of the Dungeon.
You worshipped Okawaru.
Okawaru was pleased with you.
You were very full.

You visited 1 branch of the dungeon, and saw 6 of its levels.

You collected 204 gold pieces.

Inventory:

Hand Weapons
 a - a +2 hand crossbow
 n - a +1 dagger of venom
 t - a cursed -2 short sword (weapon)
 A - a +0 blowgun
 F - a +2 rapier of speed
 K - a +2 whip of freezing
Missiles
 d - 25 bolts
 e - 224 stones (quivered)
 g - 97 arrows
 B - 18 poisoned needles
Armour
 k - a +0 robe of cold resistance
 p - a +2 leather armour of fire resistance (worn)
 J - a +0 pair of gloves (worn)
Jewellery
 l - a +3 ring of protection (left hand)
 w - an uncursed ring of protection from fire
 z - a cursed ring of protection from fire
 I - an uncursed ring of resist corrosion {unknown}
Scrolls
 h - 2 scrolls of fear
 i - 2 scrolls of magic mapping
 x - a scroll of enchant armour
 y - a scroll of amnesia
 G - a scroll of teleportation
 L - 2 scrolls of identify
Potions
 j - a potion of haste {unknown}
 q - a potion of magic
 s - a potion of ambrosia {unknown}
 u - a potion of resistance {unknown}
 v - a potion of curing
 D - 2 potions of heal wounds
 E - a potion of lignification {unknown}
 H - a potion of brilliance {unknown}
Comestibles
 f - 2 meat rations
 m - a beef jerky
 C - a slice of pizza


   Skills:
 - Level 7.5 Fighting
 + Level 6.8 Crossbows
 - Level 8.0 Dodging
 - Level 1.3 Stealth


You had 7 spell levels left.
You didn't know any spells.

Dungeon Overview and Level Annotations

Branches:
Dungeon (6/15)             Temple (0/1) D:5

Altars:
Dithmenos
Okawaru
Qazlal
Xom
Zin

Annotations:
D:4 Sigmund


Innate Abilities, Weirdness & Mutations

You are small and have problems with some larger weapons.
You are carnivorous and can eat meat at any time.


Message History

You hit the ice beast but do no damage.
The ice beast is severely wounded.
The ice beast closely misses you.
You hit the ice beast but do no damage.
The ice beast is severely wounded.
The ice beast hits you. The ice beast freezes you!
* * * LOW HITPOINT WARNING * * *
You barely miss the ice beast.
The ice beast is severely wounded.
The ice beast hits you but does no damage.
You barely miss the ice beast.
The ice beast is severely wounded.
The ice beast misses you.
You hit the ice beast but do no damage.
The ice beast is severely wounded.
The ice beast hits you but does no damage.
The ice beast hits you.
* * * LOW HITPOINT WARNING * * *
The ice beast freezes you!
You die...

#.##.#....#.#
#........##.#
####........#
###.###### #.#
#.# #.#
#.#############
#......Y@....<#
#.#############
#.# ###


You could see an ice beast.

Vanquished Creatures
  Pikel (D:4)
  A sky beast (D:5)
  A slave (D:3)
  An ogre (D:5)
  A centaur (D:5)
  A howler monkey (D:4)
  2 orc priests
  A bullfrog skeleton (D:4)
  A jelly (D:5)
  4 orc wizards (D:4)
  An iguana (D:4)
  Ijyb (D:2)
  3 worker ants
  7 adders
  A shadow imp (D:4)
  3 oozes
  An adder zombie (D:5)
  3 worms
  3 dart slugs
  3 leopard geckos
  9 orcs
  2 ball pythons
  7 bats
  6 giant cockroaches
  9 goblins
  10 hobgoblins
  13 jackals
  4 quokkas
  3 frilled lizards
  9 kobolds
  10 rats
122 creatures vanquished.

Vanquished Creatures (others)
  An adder (D:4)
1 creature vanquished.

Grand Total: 123 creatures vanquished

Notes
Turn   | Place    | Note
-------+----------+-------------------------------------------
     0 | D:1      | Host24 the Kobold Hunter began the quest for the Orb.
     0 | D:1      | Reached XP level 1. HP: 12/12 MP: 1/1
   343 | D:1      | Reached XP level 2. HP: 8/18 MP: 2/2
   830 | D:1      | Reached XP level 3. HP: 22/23 MP: 3/3
  1746 | D:2      | Reached XP level 4. HP: 28/30 MP: 4/4
  1807 | D:2      | Noticed Ijyb
  1828 | D:2      | Killed Ijyb
  1828 | D:2      | Reached skill level 5 in Fighting
  2083 | D:2      | Reached XP level 5. HP: 24/35 MP: 5/5
  2564 | D:2      | Found a faded altar of an unknown god.
  2564 | D:2      | Found a shadowy altar of Dithmenos.
  2569 | D:2      | Found an iron altar of Okawaru.
  2571 | D:2      | Found a faded altar of an unknown god.
  2573 | D:2      | Found a faded altar of an unknown god.
  2576 | D:2      | Became a worshipper of Warmaster Okawaru
  4135 | D:4      | Reached XP level 6. HP: 23/42 MP: 6/6
  4155 | D:4      | Noticed Pikel
  4155 | D:4      | Noticed a slave
  4155 | D:4      | Noticed a slave
  4157 | D:4      | Noticed a slave
  4159 | D:4      | Noticed a slave
  4248 | D:4      | Noticed Sigmund
  4307 | D:3      | Killed a slave
  4540 | D:4      | Killed Pikel
  4540 | D:4      | Reached * piety under Okawaru
  4540 | D:4      | Reached ** piety under Okawaru
  4540 | D:4      | Reached skill level 6 in Dodging
  4540 | D:4      | Reached XP level 7. HP: 34/48 MP: 7/7
  4540 | D:4      | Reached XP level 8. HP: 37/53 MP: 8/8
  4768 | D:4      | Reached skill level 7 in Dodging
  5132 | D:5      | Entered Level 5 of the Dungeon
  5246 | D:5      | Reached skill level 8 in Dodging
  5302 | D:5      | Reached skill level 5 in Crossbows
  5726 | D:5      | Found a shimmering altar of Xom.
  5728 | D:5      | Found a shadowy altar of Dithmenos.
  5728 | D:5      | Found a shimmering altar of Xom.
  5730 | D:5      | Found a stormy altar of Qazlal.
  5730 | D:5      | Found a glowing silver altar of Zin.
  5730 | D:5      | Found a glowing silver altar of Zin.
  5951 | D:5      | Found a staircase to the Ecumenical Temple.
  6377 | D:6      | Slain by an ice beast

Skill      XL: |  1  2  3  4  5  6  7  8 |
---------------+-------------------------+-----
Fighting       | 3 4 5 6 7 |  7.5
Dodging        | 6 8 |  8.0
Crossbows      | 6 |  6.8
Stealth        | |  1.3

Action                   |  1- 3 |  4- 6 |  7- 9 || total
-------------------------+-------+-------+-------++-------
Melee: Short sword       |   148 |    24 |   105 ||   277
       Dagger            |       |   159 |       ||   159
       Rapier            |       |       |    72 ||    72
       Whip              |       |       |    42 ||    42
 Fire: Hand crossbow     |     7 |    40 |    35 ||    82
Invok: Heroism           |       |       |     1 ||     1
  Use: Scroll            |       |     5 |     5 ||    10
       Potion            |       |       |     3 ||     3
 Stab: Sleeping          |     1 |     3 |     1 ||     5
  Eat: Chunk             |    11 |     9 |     5 ||    25
Armor: Leather armour    |    32 |    41 |    54 ||   127
Dodge: Dodged            |   113 |   148 |   185 ||   446
